 Dungeon Crawl Stone Soup version 0.27-a0-46-g34d46f0a3f (webtiles) character file.

Game seed: 13287925871211324947

435 Borgoz the Cudgeller (level 6, -15/55 HPs)
             Began as a Draconian Gladiator on Jan 7, 2021.
             Demolished by an ogre
             ... wielding a +0 giant club
              (18 damage)
             ... on level 4 of the Dungeon.
             The game lasted 00:04:33 (3698 turns).

Borgoz the Cudgeller (Draconian Gladiator)          Turns: 3698, Time: 00:04:34

Health: -15/55     AC:  6    Str: 17    XL:     6   Next: 68%
Magic:  6/6        EV: 14    Int:  8    God:
Gold:   139        SH:  0    Dex: 14    Spells: 5/5 levels left

rFire    . . .     SeeInvis .   a - +2 flail
rCold    . . .     Faith    +   (no shield)
rNeg     . . .     Spirit   .   (armour unavailable)
rPois    .         Reflect  .   b - +0 hat
rElec    .         Harm     .   (no cloak)
rCorr    .         Rampage  .   (no gloves)
Will     .....                  (no boots)
Stlth    +.........             g - amulet of faith
HPRegen  0.18/turn              (no ring)
MPRegen  0.10/turn              (no ring)

@: no status effects
A: unfitting armour, cold-blooded, AC +6
a: no special abilities


You were on level 4 of the Dungeon.
You visited 1 branch of the dungeon, and saw 4 of its levels.

You collected 139 gold pieces.

Inventory:

Hand Weapons
 a - a +2 flail (weapon)
Armour
 b - a +0 hat (worn)
Jewellery
 g - an amulet of faith (around neck)
Scrolls
 d - 3 scrolls of fear
 e - a scroll of blinking
 f - 2 scrolls of magic mapping {unknown}
 i - a scroll of amnesia
 m - a scroll of random uselessness {unknown}
 n - a scroll of noise {unknown}
 p - 2 scrolls of immolation {unknown}
 t - a scroll of fog {unknown}
Potions
 h - 2 potions of haste {unknown}
 j - a potion of curing
 l - a potion of lignification {unknown}
 o - 2 potions of heal wounds
 q - a potion of magic
 s - 2 potions of flight {unknown}


   Skills:
 + Level 4.8 Fighting
 + Level 5.0 Maces & Flails
 - Level 1.7 Throwing
 + Level 4.5 Dodging


You had 5 spell levels left.
You didn't know any spells.
Your spell library was empty.

Dungeon Overview and Level Annotations

Branches:
Dungeon (4/15)
 Temple: D:4-7

Altars:


Innate Abilities, Weirdness & Mutations

Your plain brown scales are hard. (AC +6)
You cannot fit into any form of body armour.
You are cold-blooded and may be slowed by cold attacks.


Message History

The ogre is moderately wounded.
The ogre struggles against the net.
The net rips apart, and the ogre comes free!
You hit the ogre.
The ogre is heavily wounded.
The ogre hits you with a +0 giant club!
* * * LOW HITPOINT WARNING * * *
You sock the ogre!
The ogre is almost dead.
The ogre misses you.
Throw: throwing net
Press: ? - help, Q - select action Shift-Dir - straight line, f/p - ogre
Aim: an ogre, wielding a +0 giant club (almost dead)
You throw a throwing net.
The throwing net closely misses the ogre.
The ogre closely misses you.
You hit the ogre.
The ogre is almost dead.
The ogre hits you with a +0 giant club!!
You die...

...##........
...#. ..... #...
.).. #>.##.. .
#..#.## ..
#...<.####...
#...........#
..##..........#.
.>.......@.......
.!..#.....O......
... #$........#..
.. #............
. #..######(##.
..#. .# ##... #
###.


You could see an ogre.

Vanquished Creatures
  An ogre (D:3)
  A scorpion (D:3)
  A howler monkey (D:3)
  A hound (D:4)
  An orc priest (D:2)
  Terence (D:2)
  An orc wizard (D:3)
  Robin (D:2)
  5 adders (D:2)
  2 oozes
  A worm (D:2)
  2 dart slugs (D:2)
  9 orcs
  2 ball pythons
  7 bats
  A giant cockroach (D:1)
  16 goblins
  8 hobgoblins
  A quokka (D:2)
  6 frilled lizards
  2 kobolds
  7 rats
77 creatures vanquished.

Vanquished Creatures (others)
  An adder (D:2)
1 creature vanquished.

Grand Total: 78 creatures vanquished

Notes
Turn   | Place    | Note
-------+----------+-------------------------------------------
     0 | D:1      | Borgoz the Draconian Gladiator began the quest for the Orb.
     0 | D:1      | Reached XP level 1. HP: 17/17 MP: 1/1
    96 | D:1      | Reached XP level 2. HP: 25/25 MP: 2/2
   589 | D:2      | Noticed Robin
   610 | D:1      | Reached XP level 3. HP: 10/30 MP: 3/3
  1342 | D:2      | Killed Robin
  1379 | D:2      | Reached XP level 4. HP: 29/38 MP: 4/4
  1437 | D:2      | Noticed Terence
  1447 | D:2      | Killed Terence
  1632 | D:2      | Reached skill level 4 in Maces & Flails
  1822 | D:2      | Reached XP level 5. HP: 45/46 MP: 5/5
  3644 | D:4      | Noticed a phantom
  3657 | D:3      | Reached XP level 6. HP: 53/53 MP: 6/6
  3682 | D:4      | Reached skill level 5 in Maces & Flails
  3698 | D:4      | Demolished by an ogre

Illustrated notes

Levels and vault maps discovered:
D:1:      nicolae_arrival_washed_ashore, layout_basic, minmay_misc_feat_cross
D:2:      layout_loops_ring, uniq_terence, uniq_robin
D:3:      layout_loops_corners, nicolae_overflow_hidden_temple, wad_orctagon
D:4:      layout_rooms, gammafunk_temple_overflow_wave,
          lightli_sewer_entry_pipes, st_stairs_1

Skill      XL: |  1  2  3  4  5  6 |
---------------+-------------------+-----
Dodging        | 3 4 |  4.5
Fighting       | 3 4 |  4.8
Maces & Flails | 4 5 |  5.0
Throwing       | |  1.7

Action                   |  1- 3 |  4- 6 || total
-------------------------+-------+-------++-------
Melee: Flail             |   120 |   124 ||   244
       Tailslap          |    10 |    19 ||    29
Throw: Throwing net      |       |     3 ||     3
  Use: Scroll            |       |     9 ||     9
 Stab: Sleeping          |       |     1 ||     1
Armor: Skin              |    62 |    26 ||    88
Dodge: Dodged            |   153 |    83 ||   236

Table legend: (Time is in decaauts)
 A = Elapsed time spent in this place.
 B = Non-inter-level travel time spent in this place.
 C = Inter-level travel time spent in this place.
 D = Time resting spent in this place.
 E = Time spent auto-exploring this place.
 F = Levels seen in this place.
 G = Mean time per level.
                   A        B        C        D        E       F      G
               +--------+--------+--------+--------+--------+-----+--------+
         Total |   3754 |   3626 |    128 |   1169 |   1824 |   4 |  938.5 |
       Dungeon |   3754 |   3626 |    128 |   1169 |   1824 |   4 |  938.5 |
               +--------+--------+--------+--------+--------+-----+--------+

Top non-repeatable levels by time:
     D:1: 1309 daAuts
     D:3: 1248 daAuts
     D:2: 1167 daAuts
     D:4: 28 daAuts
